 Dungeon Crawl Stone Soup version 0.31.0-12-g77e489cdc1 (webtiles) character file.

Game seed: 5451236155033131170

280 unlimited1921 the Magician (level 6, -8/41 HPs)
             Began as a Djinni Fire Elementalist on Feb 20, 2024.
             Mangled by a gnoll
             ... wielding a +0 halberd
              (13 damage)
             ... on level 5 of the Dungeon.
             The game lasted 00:08:23 (8228 turns).

unlimited1921 the Magician (DjFE)                   Turns: 8228, Time: 00:08:23

Health: -8/41      AC:  2    Str:  7    XL:     6   Next: 52%
Gold:   302        EV:  6    Int: 19    God:
                   SH:  0    Dex: 13

rFire   + + .        t - +2 hand axe (elec)
rCold   x . .        (no shield)
rNeg    . . .        a - +0 robe
rPois   ∞            (no helmet)
rElec   .            (no cloak)
rCorr   .            (no gloves)
SInv    .            (boots unavailable)
Will    .....        (no amulet)
Stlth   ++           (no ring)
HPRegen 0.26/turn    (no ring)
MPRegen 0.00/turn

%: infuse magic (-9 HP)
@: flying, very slightly contaminated, held
A: sickness immunity, fire resistance 2, cold vulnerability 1, float, innate
caster, HP casting, extra vitality 1
a: no special abilities


You were on level 5 of the Dungeon.
You visited 1 branch of the dungeon, and saw 5 of its levels.

You collected 302 gold pieces.

Inventory:

Hand Weapons
 d - a +1 dagger of venom
 t - a +2 hand axe of electrocution (weapon)
Missiles
 s - 5 poisoned darts
Armour
 a - a +0 robe (worn)
 f - a +0 ring mail
 l - a +0 leather armour
Scrolls
 b - a scroll of blinking {unknown}
 c - a scroll of amnesia {unknown}
 e - 2 scrolls of vulnerability {unknown}
 k - a scroll of identify {unknown}
 n - a scroll of enchant armour {unknown}
 o - a scroll of fear {unknown}
 p - 2 scrolls of immolation {unknown}
 q - 2 scrolls of revelation {unknown}
Potions
 g - a potion of haste {unknown}
 h - 2 potions of resistance {unknown}
 i - a potion of degeneration {unknown}
 j - 4 potions of curing {unknown}
 m - a potion of lignification {unknown}
 r - a potion of cancellation {unknown}


   Skills:
 + Level 0.3 Fighting
 + Level 3.0 Dodging
 + Level 3.6 Stealth
 + Level 4.6 Spellcasting
 + Level 4.6 Conjurations
 + Level 4.6 Hexes
 + Level 4.6 Summonings
 + Level 4.6 Necromancy
 + Level 4.6 Translocations
 + Level 4.6 Fire Magic
 + Level 4.6 Ice Magic
 + Level 4.6 Air Magic
 + Level 4.6 Earth Magic
 + Level 4.6 Alchemy


You knew the following spells:

 Your Spells              Type           Power      Damage    Failure   Level
a - Foxfire               Conj/Fire      84%        2x1d8     1%          1
b - Scorch                Fire           42%        2d6       3%          2
c - Volatile Blastmotes   Fire/Tloc      42%        2d13      6%          3
d - Inner Flame           Hex/Fire       21%        N/A       6%          3
e - Flame Wave            Conj/Fire      21%        2d8       19%         4
f - Freeze                Ice            84%        1d9       1%          1
g - Jinxbite              Hex            42%        N/A       3%          2
Your spell library was empty.

Dungeon Overview and Level Annotations

Branches:
Dungeon (5/15)
 Temple: D:4-7

Altars:


Innate Abilities, Weirdness & Mutations

You are immune to sickness and miasma.
You are immune to poison.
Your flesh is very heat resistant. (rF++)
You are vulnerable to cold. (rC-)
You float through the air rather than walking.
You learn spells naturally, not from books.
Your magical power is your life essence.
You have superior vitality. (+4 MHP)


Message History

Aiming: Inner Flame (dangerous; 6% risk of failure)
Press: ? - help, Dir - move target, f - white imp
Aim: a white imp (heavily wounded, ally target, chance to affect: 83%)
You miscast Inner Flame.
You are very lightly contaminated with residual magic.
Nothing appears to happen.
The foxfire hits the gnoll.
The gnoll is heavily wounded.
The foxfire hits the gnoll.
The gnoll is severely wounded.
Casting: Inner Flame (dangerous; 6% risk of failure)
Confirm with . or Enter, or press ? or * to list all spells.
You don't know that spell.
Casting: Inner Flame (dangerous; 6% risk of failure)
Confirm with . or Enter, or press ? or * to list all spells.
Aiming: Inner Flame (dangerous; 6% risk of failure)
Press: ? - help, Dir - move target, f - gnoll, p - white imp
Aim: a gnoll, wielding a +0 flail (chance to affect: 83%)
The gnoll is filled with an inner flame.
The white imp closely misses you.
Casting: Inner Flame (dangerous; 6% risk of failure)
Confirm with . or Enter, or press ? or * to list all spells.
Aiming: Inner Flame (dangerous; 6% risk of failure)
Press: ? - help, Dir - move target, f - gnoll
Aim: a gnoll, wielding a +0 halberd (chance to affect: 83%)
The gnoll is filled with an inner flame.
The gnoll hits you from afar with a +0 halberd.
The white imp hits you. The white imp freezes you.
You feel a terrible chill! The gnoll hits you with a +0 whip.
* * * LOW HITPOINT WARNING * * *
Casting: Inner Flame (dangerous; 6% risk of failure)
Confirm with . or Enter, or press ? or * to list all spells.
Flames lash the gnoll.
You kill the gnoll!
* * * LOW HITPOINT WARNING * * *
The white imp barely misses you. The gnoll completely misses you.
The gnoll hits you from afar with a +0 spear.
* * * LOW HITPOINT WARNING * * *
You struggle against the net.
The white imp closely misses you.
The gnoll hits you from afar with a +0 halberd!
You die...

... ### ...
..# .. #.#..
#.#. #.. #.#
#@#
#...(.)5......
#......gg.....
#.............
#.............
#.............
#.............
#......$......


You could see 2 gnolls and a white imp.

Vanquished Creatures
  An orc priest (D:4)
  2 orc wizards (D:4)
  A scorpion zombie (D:3)
  A hound skeleton (D:3)
  A howler monkey zombie (D:3)
  A gnoll (D:5)
  5 adders
  4 adder skeletons (D:3)
  An adder zombie (D:3)
  2 dart slugs (D:4)
  A ribbon worm (D:4)
  5 orcs (D:4)
  4 ball pythons
  5 endoplasms
  2 giant cockroaches
  6 goblins
  9 hobgoblins
  5 kobolds
  4 quokkas
  2 ball python skeletons (D:3)
  10 bats
  2 frilled lizards
  A rat (D:2)
75 creatures vanquished.

Vanquished Creatures (others)
  419 foxfires
419 creatures vanquished.

Grand Total: 494 creatures vanquished

Notes
Turn   | Place    | Note
-------+----------+-------------------------------------------
     0 | D:1      | unlimited1921 the Djinni Fire Elementalist began the quest
                  | for the Orb.
     0 | D:1      | unlimited1921 set off with the following spells memorised:
                  | Foxfire, Scorch, Volatile Blastmotes, Inner Flame, Flame
                  | Wave.
     0 | D:1      | Reached XP level 1. HP: 15/15 MP: 0/0
   522 | D:1      | Reached XP level 2. HP: 17/21 MP: 0/0
  1741 | D:1      | Reached XP level 3. HP: 24/25 MP: 0/0
  1741 | D:1      | Learned a level 1 spell: Freeze
  3813 | D:2      | Reached XP level 4. HP: 27/31 MP: 0/0
  4469 | D:3      | Reached XP level 5. HP: 31/35 MP: 0/0
  4469 | D:3      | Learned a level 2 spell: Jinxbite
  7339 | D:4      | Reached XP level 6. HP: 30/40 MP: 0/0
  8217 | D:5      | Entered Level 5 of the Dungeon
  8228 | D:5      | Mangled by a gnoll

Illustrated notes

Levels and vault maps discovered:
D:1:      sevenhm_arrival_forest_fort_small_3, layout_loops_cross
D:2:      cheibrodos_helix_gallery, layout_basic, kennysheep_generic_room_16
D:3:      layout_basic, serial_undead, serial_undead_c, serial_undead_f,
          serial_undead_e, serial_undead_a, serial_undead_b, serial_undead_d,
          serial_undead_d, serial_undead_c, serial_undead_d, serial_undead_a
D:4:      layout_cave_pools
D:5:      layout_basic

Skill      XL: |  1  2  3  4  5 |
---------------+----------------+-----
Stealth        | 2 3 |  3.6
Dodging        | 3 |  3.0
Spellcasting   | 4 |  4.6
Conjurations   | 4 |  4.6
Hexes          | 4 |  4.6
Summonings     | 4 |  4.6
Necromancy     | 4 |  4.6
Translocations | 4 |  4.6
Fire Magic     | 4 |  4.6
Ice Magic      | 4 |  4.6
Air Magic      | 4 |  4.6
Earth Magic    | 4 |  4.6
Alchemy        | 4 |  4.6
Fighting       | |  0.3

Action                     |  1- 3 |  4- 6 || total
---------------------------+-------+-------++-------
   Cast: Foxfire           |    93 |   156 ||   249
         Scorch            |     4 |     7 ||    11
         Freeze            |       |     3 ||     3
         Inner Flame       |       |     3 ||     3
 Armour: Robe              |     3 |    13 ||    16
  Dodge: Dodged            |     6 |    10 ||    16
